 Dungeon Crawl Stone Soup version bcrawl-1.18.1 (webtiles) character file.

Game seed: 13433023915659707186

9190 Mrkan the Grappler (level 11, 0/103 HPs)
             Began as a Troll Monk on Nov 5, 2019.
             Was the Champion of Ru.
             Succumbed to a killer bee's poison
             ... on level 8 of the Dungeon.
             The game lasted 00:11:50 (6969 turns).

Mrkan the Grappler (Troll Monk)                     Turns: 6969, Time: 00:11:50

Health: 0/103      AC: 11    Str: 21    XL:     11   Next: 19%
Magic:  0/11       EV:  9    Int: 10    God:    Ru [******]
Gold:   421        SH:  0    Dex: 12    Spells: 10/10 levels left

rFire    . . .     SeeInvis .     - Unarmed
rCold    . . .     Gourm    +   (no shield)
rNeg     . . .     Faith    .   (armour unavailable)
rPois    .         Spirit   +   a - +1 hat
rElec    .         Reflect  .   y - +0 cloak
rCorr    .         Harm     .   (gloves unavailable)
MR       .....                  (boots unavailable)
Stlth    +.........             b - amulet of guardian spirit
HPRegen  0.67/turn              (no ring)
MPRegen  0.12/turn              (no ring)

@: lethally poisoned (0 -> -4), exhausted, lightly drained
A: large, almost no armour, unfitting armour, claws 3, fast metabolism 3, frail
1, gourmand, regeneration 1, inability to train dodging, inexperienced 1, AC +9
a: Draw Out Power, Power Leap, Apocalypse, Renounce Religion


You were on level 8 of the Dungeon.
You worshipped Ru.
Ru was exalted by your worship.
You were very full.

You visited 1 branch of the dungeon, and saw 8 of its levels.

You collected 421 gold pieces.

Inventory:

Armour
 a - a +1 hat (worn)
 y - a +0 cloak (worn)
Jewellery
 b - an amulet of guardian spirit (around neck)
 n - an uncursed ring of ice
 u - an uncursed ring of wizardry {unknown}
 z - an uncursed ring of resist corrosion {unknown}
 A - an uncursed ring of fire {unknown}
 F - an uncursed ring of resist corrosion {unknown}
Wands
 o - a wand of polymorph (5)
 q - a wand of disintegration (11)
 t - a wand of iceblast (11)
 D - a wand of enslavement (4)
Scrolls
 g - 4 scrolls of teleportation
 j - 6 scrolls of remove curse
Potions
 d - a potion of curing
 f - a potion of flight
 i - 2 potions of agility
 k - 3 potions of mutation
 l - 4 potions of brilliance
 r - 4 potions of haste
 v - a potion of might {unknown}
 w - a potion of ambrosia {unknown}
 x - 2 potions of cancellation
 C - a potion of magic {unknown}
 G - a potion of lignification {unknown}
Comestibles
 c - 15 rations {!d}


   Skills:
 + Level 9.0(8.7) Fighting
 - Level 1.1(0.9) Stealth
 * Level 14.1(13.7) Unarmed Combat
   Level 2.0(1.7) Invocations


You had 10 spell levels left.
You didn't know any spells.
Your spell library contained the following spells:

 Spells                   Type           Power        Failure   Level  Hunger
 Animate Skeleton         Necr           N/A          36%         1    ##.....
 Pain                     Necr           #.....       36%         1    ##.....
 Regeneration             Chrm/Necr      #.........   75%         3    ####...
 Vampiric Draining        Necr           #.........   75%         3    ####...
 Animate Dead             Necr           N/A          98%         4    #####..
 Bolt of Draining         Conj/Necr      #.........   100%        5    ######.


Dungeon Overview and Level Annotations

Branches:
Dungeon (8/12)             Temple (0/1) D:7
   Lair: D:7-9          Orc: D:8-11

Altars:
Ashenzari
Gozag
Kikubaaqudgha
Okawaru
Qazlal
Ru
The Shining One

Shops:
D:7 *

Annotations:
D:6 5 runed doors


Innate Abilities, Weirdness & Mutations

You cannot wear most types of armour.
Your thick skin is tough. (AC +9)
You are too large for most types of armour.
You have claws for hands.
Your metabolism is lightning-fast.
You are frail. (-10% HP)
You like to eat raw meat.
Your natural rate of healing is unusually fast.
You cannot train Dodging skill.
You are somewhat inexperienced. (-2 XL)


Message History

You kill the killer bee!
The killer bee stops glowing.
The killer bee stings you but does no damage.
The killer bee stings you!
* * * LOW HITPOINT WARNING * * *
The killer bee stings you.
* * * LOW HITPOINT WARNING * * *
The killer bee closely misses you. The killer bee stings you.
* * * LOW HITPOINT WARNING * * *
You are poisoned.
The killer bee poisons you! The black bear barely misses you.
The black bear claws you but does no damage.
The black bear barely misses you. The killer bee stings you!
* * * LOW HITPOINT WARNING * * *
You are more poisoned.
The killer bee poisons you! The killer bee completely misses you.
Things that are here:
a killer bee corpse x2
You're too exhausted to draw out your power.
You die...

######### .#
#.......# ...
#.......#..#
#.........###
#............
#............
#............
#............
#@h..........
#y†########.#
#y.# . ####


You could see a black bear and 2 killer bees.

Vanquished Creatures
  5 two-headed ogres (D:7)
  An ogre mage (D:7)
  2 trolls
  A hornet (D:7)
  3 hippogriffs (D:7)
  Prince Ribbit (D:5)
  Sigmund (D:3)
  A spriggan (D:7)
  3 sky beasts
  2 ice beasts
  A necrophage (D:3)
  A phantom (D:5)
  6 ogres
  5 centaurs
  4 bullfrogs
  2 big kobolds
  2 scorpions
  8 killer bees (D:8)
  2 howler monkeys
  6 crimson imps
  A bullfrog zombie (D:5)
  A jelly (D:5)
  3 hounds
  A centaur skeleton (D:4)
  Jessica (D:2)
  Terence (D:2)
  Ijyb (D:3)
  Natasha (thrice) (D:3)
  3 iguanas
  2 orc wizards (D:3)
  8 worker ants
  A hound skeleton (D:4)
  5 adders
  3 gnolls (D:4)
  2 shadow imps (D:5)
  An ooze (D:1)
  4 worms
  3 dart slugs (D:3)
  A leopard gecko (D:2)
  14 orcs
  A ball python (D:4)
  A giant cockroach (D:2)
  5 goblins
  6 hobgoblins
  5 jackals
  3 quokkas
  6 bats
  2 frilled lizards
  15 kobolds
  A leopard gecko skeleton (D:4)
  6 rats
167 creatures vanquished.

Vanquished Creatures (others)
  Joseph (D:8)
  A sky beast (D:4)
  An orc wizard (D:5)
  A gnoll (D:4)
  A kobold (D:6)
5 creatures vanquished.

Grand Total: 172 creatures vanquished

Notes
Turn   | Place    | Note
-------+----------+-------------------------------------------
     0 | D:1      | Mrkan the Troll Monk began the quest for the Orb.
     0 | D:1      | Reached XP level 1. HP: 22/22 MP: 1/1
   367 | D:1      | Reached XP level 2. HP: 29/29 MP: 2/2
  1194 | D:2      | Reached XP level 3. HP: 36/36 MP: 3/3
  1465 | D:2      | Noticed Jessica
  1471 | D:2      | Killed Jessica
  1471 | D:2      | Reached skill level 4 in Unarmed Combat
  1546 | D:2      | Found a glowing golden altar of the Shining One.
  1811 | D:2      | Found a sacrificial altar of Ru.
  1822 | D:2      | Became a worshipper of Ru the Awakened
  1829 | D:2      | Gained mutation: You are somewhat inexperienced. (-2 XL)
                  | [Ru sacrifice]
  1829 | D:2      | Reached XP level 2. HP: 31/31 MP: 2/2
  1829 | D:2      | Reached XP level 1. HP: 23/23 MP: 1/1
  1829 | D:2      | Reached * piety under Ru
  1829 | D:2      | Reached ** piety under Ru
  1852 | D:2      | Noticed Terence
  1860 | D:2      | Killed Terence
  1860 | D:2      | Reached XP level 2. HP: 29/31 MP: 2/2
  1860 | D:2      | Reached XP level 3. HP: 35/37 MP: 3/3
  2169 | D:3      | Noticed a necrophage
  2186 | D:3      | Killed a necrophage
  2186 | D:3      | Reached skill level 5 in Unarmed Combat
  2186 | D:3      | Gained mutation: Your natural rate of healing is unusually
                  | fast. [Troll growth]
  2186 | D:3      | Reached XP level 4. HP: 34/45 MP: 1/4
  2248 | D:3      | Reached XP level 5. HP: 53/53 MP: 5/5
  2262 | D:3      | Noticed Ijyb
  2295 | D:3      | Killed Ijyb
  2326 | D:3      | Noticed Natasha
  2331 | D:3      | Killed Natasha
  2359 | D:3      | Noticed Natasha
  2367 | D:3      | Killed Natasha
  2428 | D:3      | Noticed Natasha
  2440 | D:3      | Killed Natasha
  2440 | D:3      | Reached skill level 6 in Unarmed Combat
  2440 | D:3      | Reached XP level 6. HP: 45/62 MP: 2/6
  2521 | D:3      | Noticed Sigmund
  2540 | D:3      | Killed Sigmund
  2632 | D:3      | Reached skill level 7 in Unarmed Combat
  2632 | D:3      | Reached XP level 7. HP: 39/71 MP: 5/7
  2992 | D:4      | Found an iron altar of Okawaru.
  3058 | D:4      | Found a stormy altar of Qazlal.
  3310 | D:4      | Reached skill level 5 in Fighting
  3310 | D:4      | Reached skill level 8 in Unarmed Combat
  3320 | D:4      | Reached XP level 8. HP: 18/80 MP: 2/8
  3504 | D:4      | Found an opulent altar of Gozag.
  3614 | D:4      | Gained mutation: You cannot train Dodging skill. [Ru
                  | sacrifice]
  3614 | D:4      | Reached *** piety under Ru
  3614 | D:4      | Reached **** piety under Ru
  4126 | D:5      | Entered Level 5 of the Dungeon
  4142 | D:5      | Noticed Prince Ribbit
  4295 | D:5      | Noticed a troll
  4306 | D:5      | Killed a troll
  4306 | D:5      | Reached skill level 9 in Unarmed Combat
  4397 | D:5      | Found a shattered altar of Ashenzari.
  4521 | D:5      | Killed Prince Ribbit
  4527 | D:5      | Reached skill level 10 in Unarmed Combat
  4634 | D:5      | Reached XP level 9. HP: 81/89 MP: 9/9
  4869 | D:6      | Found a runed gate.
  4871 | D:6      | Found the +9 staff of Olgreb {rPois}
  4881 | D:6      | Found a runed door.
  4902 | D:6      | Found a runed gate.
  5276 | D:6      | Found a runed door.
  5359 | D:6      | Found a runed gate.
  5743 | D:7      | Reached skill level 11 in Unarmed Combat
  5901 | D:7      | Found an ancient bone altar of Kikubaaqudgha.
  6150 | D:7      | Noticed a two-headed ogre
  6150 | D:7      | Noticed an ogre mage
  6153 | D:7      | Gained mutation: You are frail. (-10% HP) [Ru sacrifice]
  6153 | D:7      | Reached ***** piety under Ru
  6153 | D:7      | Reached ****** piety under Ru
  6153 | D:7      | Noticed a two-headed ogre
  6153 | D:7      | Noticed a two-headed ogre
  6163 | D:7      | Killed a two-headed ogre
  6163 | D:7      | Reached skill level 12 in Unarmed Combat
  6163 | D:7      | Reached XP level 10. HP: 86/91 MP: 10/10
  6164 | D:7      | Noticed a two-headed ogre
  6164 | D:7      | Noticed a two-headed ogre
  6168 | D:7      | Killed a two-headed ogre
  6168 | D:7      | Killed an ogre mage
  6168 | D:7      | Killed a two-headed ogre
  6168 | D:7      | Reached skill level 13 in Unarmed Combat
  6169 | D:7      | Killed a two-headed ogre
  6172 | D:7      | Killed a two-headed ogre
  6189 | D:7      | Reached XP level 11. HP: 100/101 MP: 2/11
  6306 | D:7      | Found a staircase to the Ecumenical Temple.
  6432 | D:7      | Found Ysires's Assorted Antiques.
  6798 | D:8      | Noticed Joseph
  6805 | D:8      | Killed Joseph
  6859 | D:8      | Reached skill level 14 in Unarmed Combat
  6958 | D:8      | HP: 4/101 [killer bee (2)]
  6968 | D:8      | HP: 1/103 [killer bee (5)]
  6969 | D:8      | Succumbed to a killer bee's poison

Skill      XL: |  1  2  3  4  5  6  7  8  9 10 11 |
---------------+----------------------------------+-----
Fighting       | 3 4 5 6 7 8 9 |  9.0
Unarmed Combat | 5 6 7 8 10 12 13 14 | 14.1
Dodging        | 0 |  0.0
Stealth        | |  1.1
Invocations    | |  2.0

Action                   |  1- 3 |  4- 6 |  7- 9 | 10-12 || total
-------------------------+-------+-------+-------+-------++-------
Melee: Unarmed           |    98 |    93 |   245 |    79 ||   515
       Punch             |     1 |     2 |     9 |       ||    12
Invok: Sacrifice Experie |     1 |       |       |       ||     1
       Sacrifice Nimblen |       |       |     1 |       ||     1
       Sacrifice Health  |       |       |     1 |       ||     1
       Apocalypse        |       |       |       |     1 ||     1
       Draw Out Power    |       |       |       |     1 ||     1
  Use: Potion            |       |       |     1 |     3 ||     4
       Scroll            |       |       |       |    16 ||    16
 Stab: Sleeping          |     2 |     1 |     2 |       ||     5
       Invisible         |       |     1 |       |     1 ||     2
       Paralysed         |       |       |       |     3 ||     3
       Distracted        |       |       |       |     1 ||     1
  Eat: Chunk             |    18 |     4 |    16 |     9 ||    47
Armor: Skin              |    34 |    30 |   104 |    62 ||   230
Dodge: Dodged            |    60 |    36 |   119 |    84 ||   299
